 Dungeon Crawl Stone Soup version 0.29-a0-321-gf1c400731a (webtiles) character file.

Game seed: 5880548288565912082

269 sammy202020 the Skirmisher (level 6, -4/68 HPs)
             Began as an Ogre Monk on Apr 4, 2022.
             Slain by a sky beast (6 damage)
             ... on level 3 of the Dungeon.
             The game lasted 00:03:27 (2747 turns).

sammy202020 the Skirmisher (Ogre Monk)              Turns: 2747, Time: 00:03:27

Health: -4/68      AC:  3    Str: 18    XL:     6   Next: 22%
Magic:  6/6        EV: 10    Int: 17    God:
Gold:   72         SH:  0    Dex: 11    Spells: 5/5 levels left

rFire   . . .      SeeInvis .   a - +0 mace
rCold   . . .      Faith    .   (no shield)
rNeg    . . .      Spirit   .   b - +0 robe
rPois   .          Reflect  .   (helmet restricted)
rElec   .          Harm     .   (no cloak)
rCorr   .          Rampage  .   (gloves unavailable)
Will    .....                   (boots unavailable)
Stlth   ++........              (no amulet)
HPRegen 0.21/turn               i - +6 ring of intelligence
MPRegen 0.10/turn               (no ring)

@: brilliant
A: large, unfitting armour, tough skin 1
a: no special abilities


You were on level 3 of the Dungeon.
You visited 1 branch of the dungeon, and saw 3 of its levels.

You collected 72 gold pieces.

Inventory:

Hand Weapons
 a - a +0 mace (weapon)
Missiles
 g - 7 poisoned darts (quivered)
 h - 2 boomerangs
 j - a throwing net
Armour
 b - a +0 robe (worn)
Jewellery
 i - a +6 ring of intelligence (left hand)
Scrolls
 d - a scroll of blinking {unknown}
 e - a scroll of teleportation
 f - a scroll of fear {unknown}
 k - 2 scrolls of identify {unknown}
 l - a scroll of magic mapping {unknown}


   Skills:
 * Level 6.4 Fighting
 * Level 4.4 Maces & Flails
 + Level 3.6 Dodging
 - Level 1.4 Stealth


You had 5 spell levels left.
You didn't know any spells.
Your spell library contained the following spells:

 Spells                   Type           Power      Damage    Failure   Level
 Sublimation of Blood     Necr           0%         N/A       34%         2
 Wereblood                Tmut           0%         N/A       34%         2
 Summon Hydra             Summ           0%         N/A       100%        7


Dungeon Overview and Level Annotations

Branches:
Dungeon (3/15)

Altars:


Innate Abilities, Weirdness & Mutations

You are too large for most types of armour.
You have tough skin. (AC +1)


Message History

The sky beast hits you but does no damage.
The sky beast flickers out of sight!
Deactivating autopickup; reactivate with Ctrl-A.
Something hits you. Something shocks you.
* * * LOW HITPOINT WARNING * * *
It was a potion of brilliance.
You feel clever all of a sudden. Something hits you but does no damage.
Something hits you but does no damage.
A sky beast appears from thin air!
Reactivating autopickup.
The sky beast hits you.
* * * LOW HITPOINT WARNING * * *
The sky beast shocks you.
* * * LOW HITPOINT WARNING * * *
You barely miss the sky beast.
The sky beast is heavily wounded.
The sky beast flickers out of sight!
Deactivating autopickup; reactivate with Ctrl-A.
Something hits you but does no damage. Something hits you but does no damage.
A sky beast appears from thin air!
Reactivating autopickup.
You hit the sky beast but do no damage.
The sky beast is moderately wounded.
The sky beast barely misses you.
You closely miss the sky beast.
The sky beast is moderately wounded.
The sky beast hits you but does no damage.
You closely miss the sky beast.
The sky beast is moderately wounded.
The sky beast barely misses you.
You barely miss the sky beast.
The sky beast is moderately wounded.
The sky beast hits you.
* * * LOW HITPOINT WARNING * * *
The sky beast shocks you.
* * * LOW HITPOINT WARNING * * *
The sky beast hits you.
* * * LOW HITPOINT WARNING * * *
The sky beast shocks you.
You die...

#..........
#..........
#..........
#..........
###........# .#
#..<......#
..##
#.##..#####
#....
###..#..## ...
#.@.##.##
#.###Y###..#
#.##.....)...##
#.......######
#.####..# #..#
......))..#
.............
#....#####.###


You could see a sky beast.

Vanquished Creatures
  Sigmund (D:2)
  An orc wizard (D:3)
  4 adders (D:2)
  A dart slug (D:1)
  4 orcs (D:3)
  6 endoplasms
  A giant cockroach (D:1)
  4 goblins (D:1)
  4 hobgoblins
  A jackal (D:2)
  2 ball pythons (D:1)
  7 bats
  2 kobolds (D:1)
  5 rats
43 creatures vanquished.

Notes
Turn   | Place    | Note
-------+----------+-------------------------------------------
     0 | D:1      | sammy202020 the Ogre Monk began the quest for the Orb.
     0 | D:1      | Reached XP level 1. HP: 24/24 MP: 1/1
   441 | D:1      | Reached XP level 2. HP: 31/32 MP: 2/2
  1237 | D:2      | Reached XP level 3. HP: 40/40 MP: 3/3
  1966 | D:2      | Reached skill level 5 in Fighting
  1993 | D:2      | Reached XP level 4. HP: 50/50 MP: 4/4
  2339 | D:2      | Found a faded altar of an unknown god.
  2354 | D:2      | Noticed Sigmund
  2374 | D:2      | Killed Sigmund
  2375 | D:2      | Reached skill level 6 in Fighting
  2375 | D:2      | Reached XP level 5. HP: 44/59 MP: 5/5
  2375 | D:2      | Reached XP level 6. HP: 50/67 MP: 6/6
  2725 | D:3      | Noticed a sky beast
  2747 | D:3      | HP: 3/68 [sky beast (5)]
  2747 | D:3      | Slain by a sky beast

Illustrated notes

Levels and vault maps discovered:
D:1:      minmay_arrival_up_and_down, layout_basic
D:2:      layout_basic, shapermc_ecumenical_altar_mp_ritualfount, uniq_sigmund
D:3:      layout_rooms

Skill      XL: |  1  2  3  4 |
---------------+-------------+-----
Maces & Flails | 3 4 |  4.4
Dodging        | 3 |  3.6
Fighting       | 5 6 |  6.4
Stealth        | |  1.4

Action                   |  1- 3 |  4- 6 || total
-------------------------+-------+-------++-------
Melee: Mace              |    87 |    65 ||   152
       Punch             |     1 |     2 ||     3
  Use: Scroll            |     2 |       ||     2
       Potion            |     1 |     4 ||     5
 Stab: Sleeping          |     1 |       ||     1
Armor: Robe              |    36 |    20 ||    56
Dodge: Dodged            |    60 |    36 ||    96

Table legend: (Time is in decaauts)
 A = Elapsed time spent in this place.
 B = Non-inter-level travel time spent in this place.
 C = Inter-level travel time spent in this place.
 D = Time resting spent in this place.
 E = Time spent auto-exploring this place.
 F = Levels seen in this place.
 G = Mean time per level.
                   A        B        C        D        E       F      G
               +--------+--------+--------+--------+--------+-----+--------+
         Total |   2760 |   2715 |     45 |    644 |   1661 |   3 |  920.0 |
       Dungeon |   2760 |   2715 |     45 |    644 |   1661 |   3 |  920.0 |
               +--------+--------+--------+--------+--------+-----+--------+

Top non-repeatable levels by time:
     D:2: 1440 daAuts
     D:1: 1245 daAuts
     D:3: 74 daAuts
